 Dungeon Crawl Stone Soup version 0.23-a0-550-g7de1f8e (webtiles) character file.

82 Lavandula the Cutter (level 4, 0/27 HPs)
             Began as a Halfling Enchanter on Dec 9, 2018.
             Slain by a hound (3 damage)
             ... on level 4 of the Dungeon.
             The game lasted 00:04:19 (1245 turns).

Lavandula the Cutter (Halfling Enchanter)           Turns: 1245, Time: 00:04:20

Health: 0/27       AC:  2    Str:  9    XL:     4   Next: 70%
Magic:  2/6        EV: 15    Int: 14    God:
Gold:   44         SH:  0    Dex: 14    Spells: 3/6 levels left

rFire    . . .     SeeInvis .   a - +1 dagger
rCold    . . .     Gourm    .   (shield restricted)
rNeg     . . .     Faith    .   b - +0 robe
rPois    .         Spirit   .   (no helmet)
rElec    .         Reflect  .   (no cloak)
rCorr    .         Harm     .   (no gloves)
MR       .....                  (no boots)
Stlth    ++........             (no amulet)
HPRegen  0.09/turn              l - ring of flight
MPRegen  0.10/turn              (no ring)

@: no status effects
A: small, mutation resistance 1
a: Evoke Flight


You were on level 4 of the Dungeon.
You were not hungry.

You visited 1 branch of the dungeon, and saw 4 of its levels.

You collected 44 gold pieces.

Inventory:

Hand Weapons
 a - a +1 dagger (weapon)
 e - a +0 hunting sling
Missiles
 i - 32 sling bullets
Armour
 b - a +0 robe (worn)
Jewellery
 l - a ring of flight (left hand)
Wands
 j - a wand of flame (15)
Scrolls
 c - a scroll of remove curse {unknown}
 h - 3 scrolls of identify {unknown}
 m - a scroll of teleportation {unknown}
 n - a scroll of enchant weapon {unknown}
Potions
 f - 5 potions of flight {unknown}
 g - a potion of brilliance {unknown}
 k - 2 potions of cancellation {unknown}
Comestibles
 d - 2 rations


   Skills:
 + Level 5.0 Short Blades
 - Level 2.1 Dodging
 - Level 3.2 Stealth
 - Level 1.5 Spellcasting
 - Level 2.4 Hexes


You had 3 spell levels left.
You knew the following spells:

 Your Spells              Type           Power        Failure   Level  Hunger
a - Corona                Hex            #......      10%         1    ##.....
b - Ensorcelled Hibernat  Hex/Ice        #.....       22%         2    ###....

Your spell library contained the following spells:

 Spells                   Type           Power        Failure   Level  Hunger
 Confuse                  Hex            #.......     28%         3    ####...
 Tukima's Dance           Hex            #.......     28%         3    ####...
 Dazzling Spray           Conj/Hex       #.....       41%         3    ####...


Dungeon Overview and Level Annotations

Branches:
Dungeon (4/15)
 Temple: D:4-7

Altars:


Innate Abilities, Weirdness & Mutations

You are small and have problems with some larger weapons.
You are somewhat resistant to further mutation.


Message History

The hound is severely wounded.
The hound misses you.
You hit the hound but do no damage.
The hound is severely wounded.
The hound bites you.
* * * LOW HITPOINT WARNING * * *
You closely miss the hound.
The hound is severely wounded.
The hound misses you.
You hit the hound but do no damage.
The hound is severely wounded.
The hound bites you.
* * * LOW HITPOINT WARNING * * *
You hit the hound but do no damage.
The hound is severely wounded.
The hound bites you but does no damage.
You hit the hound.
The hound is almost dead.
The hound bites you.
You die...

#.....†...##...>
##.......###....
#.........##....
#.........##....
#.........##....
###.........#####.
#h...........###..
#h##.............#
#@###h............
........#
##............
........#
#>.........?.
.........
#............
.........
#####........
.........#
#........
..........
.........
.........#
#........
#........


You could see 2 hounds.

Vanquished Creatures
  Jessica (D:2)
  A hound skeleton (D:2)
  An ooze (D:4)
  A dart slug (D:1)
  An orc (D:3)
  3 bats
  2 giant cockroaches
  5 goblins
  3 hobgoblins
  2 jackals (D:2)
  3 quokkas
  2 frilled lizards
  8 kobolds
  2 rats
35 creatures vanquished.

Notes
Turn   | Place    | Note
-------+----------+-------------------------------------------
     0 | D:1      | Lavandula the Halfling Enchanter began the quest for the
                  | Orb.
     0 | D:1      | Reached XP level 1. HP: 11/11 MP: 3/3
   117 | D:1      | Reached skill level 2 in Short Blades
   141 | D:1      | Reached XP level 2. HP: 14/17 MP: 4/4
   418 | D:1      | Learned a level 2 spell: Ensorcelled Hibernation
   458 | D:1      | Reached skill level 3 in Short Blades
   552 | D:2      | Reached XP level 3. HP: 9/21 MP: 5/5
   756 | D:2      | Reached skill level 4 in Short Blades
   758 | D:2      | Noticed Jessica
   814 | D:2      | Killed Jessica
   814 | D:2      | Reached XP level 4. HP: 9/27 MP: 3/6
  1132 | D:4      | Reached skill level 5 in Short Blades
  1245 | D:4      | Slain by a hound

Vault maps used:
D:1:      scummos_arrival_gate, okawaru_ov_weapons_minmay
D:2:      first_ration, uniq_crazy_yiuf_cottage, uniq_jessica
D:4:      minmay_misc_feat_square, led_sif_book

Skill      XL: |  1  2  3  4 |
---------------+-------------+-----
Short Blades   | 2 3 4 5 |  5.0
Dodging        | |  2.1
Stealth        | |  3.2
Spellcasting   | |  1.5
Hexes          | |  2.4

Action                   |  1- 3 |  4- 6 || total
-------------------------+-------+-------++-------
Melee: Dagger            |    91 |    38 ||   129
 Fire: Hunting sling     |       |    28 ||    28
 Cast: Corona            |     6 |       ||     6
       Ensorcelled Hiber |     4 |     6 ||    10
Evoke: Wand              |       |     1 ||     1
 Stab: Sleeping          |     8 |     3 ||    11
       Distracted        |     1 |       ||     1
  Eat: Chunk             |       |     2 ||     2
Armor: Robe              |    12 |     5 ||    17
Dodge: Dodged            |    66 |    42 ||   108

Table legend:
 A = Non-vault XP
 B = Vault XP
 C = Vault XP percentage of total XP
 D = Non-vault monster count
 E = Vault monster count
 F = Vault count percentage of total count
                 A         B        C        D         E       F
            +---------+---------+-------+---------+---------+-------
      Total |      81 |      37 |  31.4 |      34 |       1 |   2.9
            +---------+---------+-------+---------+---------+-------
        D:1 |      22 |       0 |   0.0 |      13 |       0 |   0.0
        D:2 |      41 |      37 |  47.4 |      14 |       1 |   6.7
        D:3 |       9 |       0 |   0.0 |       5 |       0 |   0.0
        D:4 |       9 |       0 |   0.0 |       2 |       0 |   0.0
            +---------+---------+-------+---------+---------+-------
